AoeStats
← Zhurano

Black Forest

510409142Analyzed
2v2 RM · 2d ago on Sep 30, 2026· 69m 37s· 4 players
Game mode
Random Map
Map size
Medium (4 player)
Population
200
Speed
Normal
Resources
Standard
Victory
Conquest
Starting age
Dark Age
Ending age
Imperial Age
RankedLock teamsTeams togetherTeam positionsShared explorationLock speedFull tech treeHidden civsTurbo modeCheats
Victory
Defeat
🇧🇷 Celts · Brazil
763
+13
🇧🇷 Magyars · Brazil
733
+35
🇮🇹 Saxons · Italy
737
-15
🇮🇹 Mapuche · Italy
653
-12
Pullinski99
0:44 Loom
14:54 Feudal Age
18:01 Wheelbarrow
18:37 Horse Collar
18:51 Gold Mining
20:30 Stone Mining
21:51 Double-Bit Axe
28:18 Castle Age
28:39 Castle Age
27:58 Arson
28:56 Scale Mail Armor
29:07 Forging
29:32 Fishing Lines
30:20 Bow Saw
30:22 Caravan
31:19 Heavy Plow
32:12 Gold Shaft Mining
33:07 Hand Cart
34:29 Gillnets
34:58 Treadmill Crane
35:36 Fortified Wall
34:55 Clerical Recruitment
36:47 Town Watch
37:22 Chain Mail Armor
37:39 Town Patrol
38:09 Ballistics
37:40 Guard Tower
43:41 Imperial Age
43:17 Iron Casting
43:50 Elite Hearth Troop
43:51 Shield Wall
44:53 Conscription
44:46 Scale Barding Armor
46:00 Two-Man Saw
45:42 Crop Rotation
46:12 Squires
45:58 Gambesons
48:30 Husbandry
47:50 Cavalier
50:38 Heated Shot
51:48 Chemistry
C'è Linea
0:26 Loom
12:59 Feudal Age
16:26 Wheelbarrow
16:25 Double-Bit Axe
16:23 Horse Collar
26:50 Gold Mining
26:53 Stone Mining
28:22 Fishing Lines
31:36 Castle Age
30:01 Town Watch
30:34 Forging
32:38 Caravan
33:37 Bow Saw
34:24 Fervor
36:00 Hand Cart
39:25 Imperial Age
36:56 Town Patrol
37:44 Malon
40:22 Heavy Plow
41:00 Gold Shaft Mining
40:52 Ballistics
41:01 Ballistics
40:54 Masonry
41:17 Conscription
41:12 Gillnets
41:42 Treadmill Crane
43:03 Chemistry
43:11 Elite Kona
44:39 Iron Casting
45:02 Stone Shaft Mining
45:14 Crop Rotation
46:19 Butalmapu
47:25 Sappers
49:58 Blast Furnace
49:33 Architecture
50:43 Hoardings
52:04 Padded Archer Armor
53:07 Leather Archer Armor
52:43 Fletching
54:20 Ring Archer Armor
56:02 Bodkin Arrow
56:08 Scale Mail Armor
59:28 Elite Bolas Rider
Zhurano
6:31 Loom
11:29 Feudal Age
12:45 Double-Bit Axe
17:32 Bloodlines
18:17 Gold Mining
20:02 Horse Collar
22:41 Stone Mining
25:58 Castle Age
25:28 Scale Barding Armor
26:41 Fletching
27:15 Bow Saw
31:27 Heavy Plow
32:20 Gold Shaft Mining
32:50 Wheelbarrow
32:00 Town Watch
33:24 Murder Holes
33:36 Padded Archer Armor
35:41 Chain Barding Armor
35:17 Bodkin Arrow
36:48 Ballistics
36:10 Treadmill Crane
42:28 Imperial Age
40:20 Husbandry
41:44 Thumb Ring
42:55 Leather Archer Armor
43:39 Conscription
43:12 Cavalier
44:26 Parthian Tactics
44:39 Heavy Cavalry Archer
45:47 Caravan
47:08 Crop Rotation
47:05 Recurve Bow
47:40 Bracer
48:27 Plate Barding Armor
48:59 Paladin
50:05 Pikeman
50:48 Scale Mail Armor
51:45 Ring Archer Armor
51:39 Arson
52:36 Chain Mail Armor
53:25 Halberdier
56:10 Corvinian Army
56:47 Hoardings
BlackLotus101
12:41 Feudal Age
19:35 Horse Collar
27:23 Castle Age
26:06 Double-Bit Axe
26:36 Stone Mining
28:17 Pikeman
28:44 Gambesons
31:43 Bow Saw
35:12 Stone Shaft Mining
34:27 Gold Mining
34:45 Heavy Plow
39:13 Wheelbarrow
38:24 Loom
38:25 Town Watch
42:03 Imperial Age
40:10 Gold Mining
40:26 Caravan
42:25 Hand Cart
42:16 Town Patrol
43:21 Conscription
43:20 Furor Celtica
43:02 Halberdier
43:44 Scale Mail Armor
43:55 Forging
44:51 Onager
46:02 Stronghold
47:37 Iron Casting
47:17 Chain Mail Armor
46:59 Fletching
48:43 Elite Woad Raider
49:59 Hoardings
50:21 Siege Engineers
50:32 Fortified Wall
50:33 Masonry
51:27 Siege Onager
52:36 Heavy Scorpion
62:21 Ballistics
63:03 Chemistry
62:11 Murder Holes
Connection lost

Rejoining the realm…

Still unreachable

The connection could not be restored.

Session expired

The server has moved on; the page needs a fresh start.